 Dungeon Crawl Stone Soup version bcrawl-1.28.5 (webtiles) character file.

Game seed: 589573995374979243

357043 Anonimiaus the Basher (level 11, -1/85 HPs)
             Began as a Sand Dwarf Archaeologist on Jan 26, 2021.
             Was a Priest of Hepliaklqana.
             Slain by a yak (11 damage)
             ... on level 1 of the Lair of Beasts.
             The game lasted 00:27:23 (9410 turns).

Anonimiaus the Basher (Sand Dwarf Archaeologist)    Turns: 9410, Time: 00:27:24

Health: -1/85      AC: 15    Str: 25    XL:     11   Next: 33%
Magic:  17/17      EV: 14    Int: 14    God:    Hepliaklqana [***...]
Gold:   538        SH:  6    Dex:  9    Spells: 10/10 levels left

rFire    . . .     SeeInvis .   c - +2 mace (protect)
rCold    . . .     Gourm    .   B - +0 buckler
rNeg     . . .     Faith    .   w - +3 leather armour
rPois    .         Spirit   .   d - +1 hat
rElec    +         Reflect  .   h - +2 cloak {MR+}
rCorr    +         Harm     .   o - +0 pair of gloves
MR       ++...                  i - +1 pair of boots
Stlth    ++........             x - amulet of rage
HPRegen  0.24/turn              n - ring of insulation
MPRegen  0.15/turn              M - ring of resist corrosion

@: mighty, slowed, very slow
A: small, reduced essence, slowness 1, armour attunement
a: Recall Ancestor, Ancestor Identity, Transference, Renounce Religion, Evoke
Berserk Rage


You were on level 1 of the Lair of Beasts.
You worshipped Hepliaklqana.
Hepliaklqana was most pleased with you.
You were not hungry.

You visited 3 branches of the dungeon, and saw 10 of its levels.

You collected 538 gold pieces.

Inventory:

Hand Weapons
 b - a +0 blowgun
 c - a +2 mace of protection (weapon)
 t - a +2 mace of holy wrath
 H - a +2 flail of holy wrath
Missiles
 f - 6 curare-tipped needles
 r - 117 poisoned needles
Armour
 d - a +1 hat (worn)
 h - a +2 cloak of magic resistance (worn)
 i - a +1 pair of boots (worn)
 o - a +0 pair of gloves (worn)
 u - a +0 plate armour
 w - a +3 leather armour (worn)
 B - a +0 buckler (worn)
Jewellery
 n - a ring of insulation (left hand)
 x - an amulet of rage (around neck)
 J - an uncursed amulet of faith {unknown}
 M - a ring of resist corrosion (right hand)
Wands
 s - a wand of paralysis (6)
 G - a wand of random effects (7)
 I - a wand of disintegration (6)
Scrolls
 g - 4 scrolls of magic mapping
 j - a scroll of teleportation
 l - 3 scrolls of noise {unknown}
 v - 2 scrolls of fog {unknown}
 y - a scroll of amnesia {unknown}
 D - 6 scrolls of remove curse
 L - a scroll of brand weapon {unknown}
Potions
 k - 3 potions of curing
 m - 2 potions of lignification
 p - 2 potions of might
 q - a potion of haste
 z - 2 potions of agility
 A - a potion of resistance
 E - a potion of magic
 F - a potion of brilliance
Comestibles
 a - 5 chunks of flesh
 e - 5 rations {!d}


   Skills:
 + Level 8.6 Fighting
 + Level 10.1 Maces & Flails
 + Level 8.4 Armour
 + Level 4.2 Dodging
 - Level 2.4 Stealth
 + Level 6.1 Shields
 + Level 5.7 Invocations
 + Level 9.2 Evocations


You had 10 spell levels left.
You didn't know any spells.
Your spell library contained the following spells:

 Spells                   Type           Power        Failure   Level  Hunger
 Summon Small Mammal      Summ           #...         54%         1    None
 Call Imp                 Summ           #.....       67%         2    ####...
 Call Canine Familiar     Summ           #.......     88%         3    #####..
 Summon Ice Beast         Ice/Summ       #.......     99%         4    ######.
 Summon Lightning Spire   Summ/Air       #.......     100%        5    #######


Dungeon Overview and Level Annotations

Branches:
Dungeon (8/12)             Temple (1/1) D:6            Lair (1/6) D:7
    Orc (0/1) D:8

Altars:
Ashenzari
Cheibriados
Dithmenos
Elyvilon
Fedhas
Gozag
Hepliaklqana
Kikubaaqudgha
Lugonu
Makhleb
Nemelex Xobeh
Okawaru
Qazlal
Ru
Sif Muna
Trog
Uskayaw
Vehumet
Wu Jian
Xom
Yredelemnul
Zin
The Shining One

Shops:
D:8 (

Annotations:
Lair:1 Grum, Sonja


Innate Abilities, Weirdness & Mutations

You are small and have problems with some larger weapons.
You cover ground slowly.
Armour does not affect your spellcasting.
Your life essence is reduced to manifest your ancestor. (-10% HP)


Message History

Sonja plants her feet in a plie.
Sonja shoots a curare-tipped needle.
The curare-tipped needle hits you.
You are more poisoned.
You have difficulty breathing.
* * * LOW HITPOINT WARNING * * *
You feel as though you will be slow longer.
You feel better. The bullfrog closely misses you. The bullfrog misses you.
The yak gores you.
* * * LOW HITPOINT WARNING * * *
You block Grum's attack. The bullfrog barely misses you.
You fail to use your ability.
The bullfrog hits you but does no damage.
You block the yak's attack.
The hippogriff flaps its wings!
The bullfrog is blown away by the wind.
You block the hippogriff's attack. The hippogriff barely misses you.
You block the hippogriff's attack.
Grum hits you from afar with a +0 halberd!
* * * LOW HITPOINT WARNING * * *
The yak gores you!
You die...

..................
....................
...........?.......
..................
#F................
#................#
##......<.........
#....Yg.........#.
...#@H.........?..
#. #.K............ .
.....♣..........
..(.....♣...##...
.....P..P.♣)P #..
...........P♣♣#
P.PP......P..
..............


You could see a hippogriff, Grum, a yak, Sonja and a bullfrog.

Vanquished Creatures
  4 gargoyles (D:7)
  3 komodo dragons
  A troll (D:8)
  Prince Ribbit (D:4)
  A hippogriff (D:8)
  9 yaks
  Edmund (D:5)
  A crocodile (D:7)
  An orc warrior (D:8)
  3 sky beasts
  2 ogres
  A phantom (D:6)
  A wolf (D:7)
  3 centaurs
  2 bullfrogs (D:7)
  2 scorpions
  A killer bee (D:8)
  3 wights (D:7)
  3 howler monkeys
  7 crimson imps
  A centaur zombie (D:6)
  A bullfrog zombie (D:8)
  3 hounds
  A jelly (D:8)
  A centaur skeleton (D:8)
  6 orc priests
  6 orc wizards
  2 iguanas
  5 worker ants
  A hound skeleton (D:4)
  8 adders
  3 gnolls
  2 shadow imps
  An ooze (D:1)
  2 worms
  4 dart slugs
  6 leopard geckos
  32 orcs
  4 bats
  A giant cockroach (D:2)
  2 goblins
  9 hobgoblins
  4 jackals (D:3)
  6 quokkas
  2 ball pythons (D:1)
  5 frilled lizards
  7 kobolds
  5 rats
180 creatures vanquished.

Vanquished Creatures (collateral kills)
  A cane toad (D:7)
  2 trolls (D:7)
  4 yaks
  An orc warrior (D:7)
  A sky beast (D:6)
  A bullfrog (Lair:1)
  A killer bee (D:8)
  A howler monkey (D:5)
  2 wights (D:7)
  An orc priest (D:5)
  2 hounds (D:4)
  A jelly (D:4)
  4 orc wizards
  A worker ant (D:5)
  A hound skeleton (D:5)
  A gnoll (D:7)
  2 adders
  A leopard gecko (D:5)
  3 orcs
  A frilled lizard (D:4)
  A rat (D:3)
33 creatures vanquished.

Vanquished Creatures (others)
  5 dream sheep (D:3)
  3 hexers
  2 ancestors
  22 plants (D:7)
32 creatures vanquished.

Grand Total: 245 creatures vanquished

Notes
Turn   | Place    | Note
-------+----------+-------------------------------------------
     0 | D:1      | Anonimiaus the Sand Dwarf Archaeologist began the quest for
                  | the Orb.
     0 | D:1      | Reached XP level 1. HP: 16/16 MP: 1/1
   154 | D:1      | Reached skill level 2 in Maces & Flails
   154 | D:1      | Reached XP level 2. HP: 23/23 MP: 2/2
   171 | D:1      | Reached skill level 1 in Evocations
   371 | D:1      | Reached skill level 1 in Armour
   828 | D:1      | Reached XP level 3. HP: 29/29 MP: 4/4
  1003 | D:2      | Reached skill level 3 in Maces & Flails
  1161 | D:2      | Reached XP level 4. HP: 33/37 MP: 5/5
  1235 | D:2      | Found a glowing golden altar of the Shining One.
  1986 | D:3      | Reached XP level 5. HP: 45/45 MP: 7/7
  1986 | D:3      | Identified a scroll of acquirement
  2024 | D:3      | Identified the ring "Lute Ani" {rF+ Int+3 SInv} (You
                  | acquired it on level 3 of the Dungeon)
  2055 | D:3      | Found a hazy altar of Hepliaklqana.
  2068 | D:3      | Became a worshipper of Hepliaklqana the Forgotten
  2261 | D:3      | Noticed a sky beast
  2269 | D:3      | Killed a sky beast
  2270 | D:3      | Reached skill level 4 in Maces & Flails
  2270 | D:3      | Reached XP level 6. HP: 40/45 MP: 8/8
  2559 | D:3      | Noticed a dream sheep
  2559 | D:3      | Noticed a dream sheep
  2559 | D:3      | Noticed a dream sheep
  2559 | D:3      | Noticed a dream sheep
  2559 | D:3      | Noticed a dream sheep
  2559 | D:3      | Found a shimmering altar of Xom.
  2562 | D:3      | Killed a dream sheep
  2563 | D:3      | Killed a dream sheep
  2563 | D:3      | Killed a dream sheep
  2563 | D:3      | Killed a dream sheep
  2563 | D:3      | Killed a dream sheep
  2748 | D:4      | Found a shimmering blue altar of Sif Muna.
  3051 | D:4      | Reached skill level 5 in Maces & Flails
  3051 | D:4      | Reached XP level 7. HP: 48/53 MP: 10/10
  3155 | D:4      | Reached skill level 1 in Invocations
  3178 | D:4      | Reached skill level 1 in Shields
  3346 | D:4      | Found a stormy altar of Qazlal.
  3378 | D:5      | Entered Level 5 of the Dungeon
  3387 | D:5      | Noticed Edmund
  3573 | D:5      | Found a stormy altar of Qazlal.
  3658 | D:5      | Found a glowing silver altar of Zin.
  3749 | D:5      | Noticed Prince Ribbit
  3759 | D:5      | Found a bloodstained altar of Trog.
  3953 | D:4      | Reached skill level 5 in Evocations
  3953 | D:4      | Reached XP level 8. HP: 28/60 MP: 11/11
  4056 | D:5      | Reached skill level 5 in Fighting
  4196 | D:4      | Reached skill level 6 in Maces & Flails
  4458 | D:4      | Killed Prince Ribbit
  4459 | D:4      | Reached skill level 5 in Armour
  4616 | D:5      | Killed Edmund
  4725 | D:5      | Found a white marble altar of Elyvilon.
  4787 | D:5      | Reached * piety under Hepliaklqana
  5067 | D:6      | Noticed a komodo dragon
  5082 | D:6      | Killed a komodo dragon
  5083 | D:6      | Reached skill level 7 in Maces & Flails
  5083 | D:6      | Reached XP level 9. HP: 48/67 MP: 13/13
  5573 | D:6      | Found a radiant altar of Vehumet.
  5573 | D:6      | Found a blossoming altar of Fedhas.
  5574 | D:6      | Found an iron altar of Okawaru.
  5598 | D:6      | Found a staircase to the Ecumenical Temple.
  5607 | Temple   | Entered the Ecumenical Temple
  5812 | D:6      | Found an opulent altar of Gozag.
  5887 | D:7      | Noticed a troll
  6001 | D:7      | Reached ** piety under Hepliaklqana
  6003 | D:7      | Remembered your ancestor Miaudoczka as a hexer
  6018 | D:7      | Noticed a gargoyle
  6223 | D:7      | Noticed a komodo dragon
  6390 | D:7      | Noticed a gargoyle
  6438 | D:7      | Reached skill level 8 in Maces & Flails
  6464 | D:7      | Noticed a troll
  6474 | D:7      | Killed a troll
  6570 | D:7      | Found a shimmering altar of Xom.
  6651 | D:7      | Noticed a gargoyle
  6661 | D:7      | Noticed a gargoyle
  6662 | D:7      | Killed a gargoyle
  6663 | D:7      | Reached XP level 10. HP: 77/77 MP: 15/15
  6674 | D:7      | Killed a gargoyle
  6760 | D:7      | Found an ornate altar of the Wu Jian Council.
  6849 | D:7      | Killed a gargoyle
  7021 | D:7      | Reached skill level 5 in Shields
  7291 | D:7      | Found a staircase to the Lair.
  7407 | D:8      | Reached skill level 9 in Maces & Flails
  7680 | D:8      | Found Udou's Weapon Boutique.
  7831 | D:8      | Reached skill level 5 in Invocations
  8143 | D:8      | Reached *** piety under Hepliaklqana
  8143 | D:8      | Found a staircase to the Orcish Mines.
  8667 | D:7      | Killed a gargoyle
  8668 | D:7      | Reached XP level 11. HP: 84/84 MP: 17/17
  8726 | Lair:1   | Entered Level 1 of the Lair of Beasts
  8741 | Lair:1   | Noticed Sonja
  8753 | D:7      | HP: 2/126 [yak (8)]
  8789 | D:6      | Found a corrupted altar of Lugonu.
  9190 | Lair:1   | Noticed Grum
  9207 | D:7      | Reached skill level 10 in Maces & Flails
  9410 | Lair:1   | Slain by a yak

Skill      XL: |  1  2  3  4  5  6  7  8  9 10 11 |
---------------+----------------------------------+-----
Maces & Flails | 2 3 4 5 7 8 9 10 | 10.1
Evocations     | 1 2 3 4 5 6 7 8 9 |  9.2
Armour         | 1 2 3 4 5 7 8 |  8.4
Fighting       | 2 3 4 6 7 8 |  8.6
Invocations    | 2 3 4 5 |  5.7
Shields        | 2 3 4 5 6 |  6.1
Dodging        | 3 4 |  4.2
Stealth        | |  2.4

Action                   |  1- 3 |  4- 6 |  7- 9 | 10-12 || total
-------------------------+-------+-------+-------+-------++-------
Melee: Whip              |   127 |   148 |       |       ||   275
       Mace              |       |    79 |   422 |   375 ||   876
Invok: Ancestor Identity |       |     1 |       |       ||     1
       Recall Ancestor   |       |       |     5 |       ||     5
       Ancestor Life: He |       |       |     1 |       ||     1
 Abil: Evoke Berserk Rag |       |       |     1 |     7 ||     8
  Use: Potion            |     2 |       |     1 |     5 ||     8
       Scroll            |       |     1 |     7 |     7 ||    15
 Stab: Sleeping          |     3 |     2 |     3 |     1 ||     9
       Distracted        |       |       |     4 |     1 ||     5
       Confused          |       |       |       |     1 ||     1
  Eat: Chunk             |     3 |    15 |    22 |    22 ||    62
       Ration            |       |       |     1 |     1 ||     2
Armor: Robe              |    21 |    65 |       |       ||    86
       Leather armour    |       |    24 |   192 |   193 ||   409
Dodge: Dodged            |   103 |   175 |   216 |   254 ||   748
Block: Buckler           |       |     2 |    90 |   117 ||   209
